 Dungeon Crawl Stone Soup version 0.30.1-3-gfc49f6343a (webtiles) character file.

Game seed: 15802881846419912323

1937 cdecastro the Basher (level 8, -1/64 HPs)
             Began as an Armataur Warper on July 31, 2023.
             Was a Priest of Fedhas.
             Slain by a water moccasin (4 damage)
             ... on level 5 of the Dungeon.
             The game lasted 00:12:47 (6176 turns).

cdecastro the Basher (Armataur Warper)              Turns: 6176, Time: 00:12:50

Health: -1/64      AC:  8    Str: 18    XL:     8   Next: 97%
Magic:  10/10      EV:  5    Int: 13    God:    Fedhas [***...]
Gold:   244        SH:  0    Dex: 11    Spells: 10/10 levels left

rFire   . . .        a - +0 mace
rCold   . . .        (no shield)
rNeg    . . .        z - +0 chain mail
rPois   .            i - +0 helmet
rElec   .            (no cloak)
rCorr   .            (no gloves)
SInv    .            (no barding)
Will    .....        (no amulet) Stlth
                     (no ring)
HPRegen 0.30/turn    (no ring)
MPRegen 0.12/turn

%: roll
@: lethally poisoned (-1 -> -3)
A: large, rugged brown scales 3, deformed body, armoured tail, roll, long
tongue, awkward tongue
a: Renounce Religion, Wall of Briars, Grow Ballistomycete


You were on level 5 of the Dungeon.
You worshipped Fedhas.
Fedhas was most pleased with you.
You visited 1 branch of the dungeon, and saw 7 of its levels.

You collected 244 gold pieces.

Inventory:

Hand Weapons
 a - a +0 mace (weapon)
 b - the +2 sling "Hunarol" {flame, rN+ rCorr Stlth+}
   (You found it on level 4 of the Dungeon)

   rN:        It protects you from negative energy.
   rCorr:     It protects you from acid and corrosion.
   Stlth:     It makes you more stealthy.
Missiles
 d - 7 boomerangs of dispersal (quivered)
 f - 16 poisoned darts
 x - a throwing net
Armour
 i - a +0 helmet (worn)
 z - a +0 chain mail (worn)
Wands
 s - a wand of iceblast (3)
Scrolls
 c - 2 scrolls of blinking
 e - 12 scrolls of identify {unknown}
 g - a scroll of vulnerability {unknown}
 m - 2 scrolls of torment {unknown}
 n - a scroll of poison {unknown}
 p - a scroll of silence {unknown}
 q - a scroll of fog {unknown}
 r - a scroll of enchant weapon {unknown}
 t - a scroll of magic mapping {unknown}
 y - 3 scrolls of teleportation {unknown}
Potions
 h - a potion of berserk rage {unknown}
 j - a potion of heal wounds {unknown}
 k - a potion of flight {unknown}
 l - a potion of ambrosia {unknown}
 o - a potion of invisibility {unknown}
 u - a potion of brilliance {unknown}
 v - a potion of degeneration {unknown}
 w - 2 potions of attraction {unknown}


   Skills:
 - Level 1.7 Fighting
 - Level 10.3 Maces & Flails
 - Level 0.8 Throwing
 - Level 1.2 Armour
 - Level 1.3 Dodging
 - Level 1.7 Spellcasting
 - Level 3.0 Translocations
 + Level 3.6 Invocations


You had 10 spell levels left.
You didn't know any spells.
Your spell library contained the following spells:

 Spells                   Type           Power      Damage    Failure   Level
 Blink                    Tloc           16%        N/A       75%         2
 Lesser Beckoning         Tloc           16%        N/A       75%         2
 Teleport Other           Tloc           8%         N/A       93%         3
 Shock                    Conj/Air       4%         1d3       95%         1
 Sting                    Tmut/Pois      4%         1d3       95%         1
 Poisonous Vapours        Pois/Air       2%         N/A       99%         2
 Vhi's Electric Charge    Tloc/Air       10%        N/A       99%         3
 Swiftness                Air            1%         N/A       100%        3
 Airstrike                Air            0%         2d(1-17)  100%        4
 Manifold Assault         Tloc           8%         N/A       100%        4
 Olgreb's Toxic Radiance  Pois           1%         N/A       100%        4


Dungeon Overview and Level Annotations

Branches:
Dungeon (7/15)
 Temple: D:4-7

Altars:
Ashenzari
Fedhas
Kikubaaqudgha
Makhleb
Nemelex Xobeh
Okawaru
Sif Muna
Vehumet
Xom
The Shining One

Shops:
D:4 [

Annotations:
D:3 1 runed translucent door, 0gre's ghost, amateur GnIE
D:7 exclusion: upstairs


Innate Abilities, Weirdness & Mutations

You are completely covered in rugged brown scales. (AC +3, +7% HP)
Armour fits poorly on your strangely shaped body.
You have a long armoured tail.
You roll when moving toward enemies. (Rampage)
Your long tongue fully drains potion bottles. (2x potion effects)
Your tongue gives you trouble enunciating. (1.5x scroll delay)


Message History

The water moccasin is heavily wounded.
You feel very sick.
The water moccasin bites you but does no damage.
You miss the water moccasin.
The water moccasin is heavily wounded.
You feel very sick. The water moccasin barely misses you.
The water moccasin bites you but does no damage.
You hit the water moccasin.
Your tail-slap misses the water moccasin.
The water moccasin is severely wounded.
You feel very sick. The water moccasin bites you.
You hit the water moccasin.
The water moccasin is almost dead.
You feel very sick. The water moccasin barely misses you.
You miss the water moccasin.
The water moccasin is almost dead.
You feel sick. The water moccasin barely misses you.
You barely miss the water moccasin.
The water moccasin is almost dead.
You feel sick. The water moccasin bites you!
* * * LOW HITPOINT WARNING * * *
The water moccasin bites you but does no damage.
You hit the water moccasin but do no damage.
The water moccasin is severely wounded.
You feel sick. The water moccasin bites you!
* * * LOW HITPOINT WARNING * * *
You closely miss the water moccasin.
The water moccasin is severely wounded.
You feel sick. The water moccasin bites you.
* * * LOW HITPOINT WARNING * * *
You hit the water moccasin.
The water moccasin is almost dead.
You feel sick. The water moccasin bites you!
* * * LOW HITPOINT WARNING * * *
The water moccasin bites you.
You die...
Fedhas appreciates your contribution to the ecosystem.

#.# #.########
#.###........#####
#############.#....#####......
#.............#.##.# #......
..#.#.#.#.#.....#.# ##......
S.............#.# #.......
..#.#.#.#.#.#....#.####.......
.................#............
############S@...######.......
#.....# ##...... #.....#
#...... #.....# ######.
####### #.).. #.#.. #.#..
#.... ####.


You could see a water moccasin.

Vanquished Creatures
  A kobold demonologist (D:6)
  2 ogres
  3 centaurs
  A phantom (D:7)
  2 kobold brigands (D:6)
  4 scorpions
  2 hounds
  2 iguanas
  5 gnolls
  7 adders
  A shadow imp (D:5)
  3 worms (D:2)
  5 orcs
  5 ball pythons
  9 endoplasms
  4 giant cockroaches
  6 hobgoblins
  7 jackals
  2 quokkas
  16 bats
  3 frilled lizards
  10 goblins
  15 kobolds
  7 rats
122 creatures vanquished.

Vanquished Creatures (collateral kills)
  A kobold demonologist (D:6)
  A scorpion (D:4)
  5 orc wizards (D:7)
  9 orcs
  7 ballistomycete spores (D:6)
23 creatures vanquished.

Vanquished Creatures (others)
  An orc wizard (D:7)
  A ballistomycete spore (D:6)
2 creatures vanquished.

Grand Total: 147 creatures vanquished

Notes
Turn   | Place    | Note
-------+----------+-------------------------------------------
     0 | D:1      | cdecastro the Armataur Warper began the quest for the Orb.
     0 | D:1      | Reached XP level 1. HP: 18/18 MP: 3/3
    15 | D:1      | Found a faded altar of an unknown god.
    20 | D:1      | Reached skill level 2 in Maces & Flails
    23 | D:1      | Prayed at the altar of an unknown god.
    23 | D:1      | Became a worshipper of Fedhas Madash
    23 | D:1      | Reached * piety under Fedhas
    92 | D:1      | Reached XP level 2. HP: 25/25 MP: 4/4
   336 | D:1      | Reached skill level 3 in Maces & Flails
   443 | D:1      | Reached XP level 3. HP: 30/31 MP: 5/5
   499 | D:1      | Reached ** piety under Fedhas
  1436 | D:2      | Reached skill level 4 in Maces & Flails
  1436 | D:2      | Reached XP level 4. HP: 12/38 MP: 6/6
  2305 | D:3      | Found a runed translucent door.
  2310 | D:3      | Noticed 0gre's ghost (amateur GnIE)
  2317 | D:3      | Reached *** piety under Fedhas
  2445 | D:3      | Reached XP level 5. HP: 39/43 MP: 7/7
  2496 | D:3      | Reached skill level 5 in Maces & Flails
  2674 | D:3      | Found a broken altar of Ashenzari.
  3060 | D:4      | Found Farelul's Antique Armour Boutique.
  3225 | D:4      | Found a radiant altar of Vehumet.
  3267 | D:4      | Found a glowing golden altar of the Shining One.
  3267 | D:4      | Found an iron altar of Okawaru.
  3268 | D:4      | Found an ancient bone altar of Kikubaaqudgha.
  3268 | D:4      | Found a burning altar of Makhleb.
  3269 | D:4      | Found a shimmering blue altar of Sif Muna.
  3397 | D:4      | Found a sparkling altar of Nemelex Xobeh.
  3405 | D:4      | Noticed a centaur
  3416 | D:4      | Killed a centaur
  3417 | D:4      | Reached XP level 6. HP: 32/51 MP: 8/8
  3452 | D:4      | Reached skill level 6 in Maces & Flails
  3498 | D:4      | Identified the +2 sling "Hunarol" {flame, rN+ rCorr Stlth+}
  3736 | D:4      | You fall into a shaft and drop 3 floors!
  3741 | D:7      | Found a shimmering altar of Xom.
  3752 | D:7      | Noticed a water moccasin
  4031 | D:6      | Reached skill level 7 in Maces & Flails
  4031 | D:6      | Reached XP level 7. HP: 41/56 MP: 9/9
  4096 | D:6      | Noticed a kobold demonologist
  4424 | D:7      | Reached skill level 8 in Maces & Flails
  4602 | D:6      | Noticed a kobold demonologist
  4612 | D:6      | Reached XP level 8. HP: 43/64 MP: 5/10
  4616 | D:6      | Killed a kobold demonologist
  4617 | D:6      | Reached skill level 9 in Maces & Flails
  4628 | D:6      | HP: 2/64 [hound (4)]
  4632 | D:6      | Killed a kobold demonologist
  4633 | D:6      | Reached skill level 10 in Maces & Flails
  4934 | D:5      | Entered Level 5 of the Dungeon
  4952 | D:5      | Reached skill level 1 in Invocations
  6176 | D:5      | HP: 3/64 [water moccasin (8)]
  6176 | D:5      | Slain by a water moccasin

Illustrated notes

Levels and vault maps discovered:
D:1:      eino_arrival_water_cross, layout_loops_cross,
          ebering_ecumenical_altar_mist
D:2:      layout_basic, serial_forest, infiniplex_forest_end_1,
          infiniplex_forest_end_2, infiniplex_forest_straight_2,
          infiniplex_forest_clump_curved, infiniplex_forest_clump_small,
          infiniplex_forest_clump_small, infiniplex_forest_clump_double,
          infiniplex_forest_straight_4
D:3:      layout_rooms, ashenzari_conservatory_becter,
          hellmonk_ghost_happy_afterlife, minmay_misc_feat_five, roderic_batcave
D:4:      layout_basic, grunt_temple_overflow_open, nicolae_stop_n_shop_1
D:5:      layout_basic, minmay_misc_feat_room, minmay_misc_feat_pillars
D:6:      layout_basic, minmay_temple_entry_stoned_glass,
          kennysheep_another_room, uniq_maggie
D:7:      layout_basic, mainiacjoe_overflow_24_doors, kennysheep_mini_moat,
          minmay_misc_feat_rows, chequers_serial_rivers_micro_c

Skill      XL: |  1  2  3  4  5  6  7  8 |
---------------+-------------------------+-----
Maces & Flails | 2 3 4 5 7 8 10 | 10.3
Invocations    | 3 |  3.6
Fighting       | |  1.7
Throwing       | |  0.8
Armour         | |  1.2
Dodging        | |  1.3
Spellcasting   | |  1.7
Translocations | |  3.0

Action                     |  1- 3 |  4- 6 |  7- 9 || total
---------------------------+-------+-------+-------++-------
  Melee: Mace              |   150 |   188 |   132 ||   470
         Tailslap          |     9 |    23 |    15 ||    47
         Punch             |     2 |     2 |       ||     4
   Fire: Sling             |       |     8 |     4 ||    12
 Invoke: Wall of Briars    |       |     2 |     4 ||     6
         Grow Ballistomyce |       |       |     2 ||     2
    Use: Potion            |       |       |     1 ||     1
   Stab: Confused          |       |       |     2 ||     2
 Armour: Leather armour    |    68 |   106 |    49 ||   223
         Chain mail        |       |       |     5 ||     5
  Dodge: Dodged            |    98 |   137 |    88 ||   323
